 Dungeon Crawl Stone Soup version 0.25-a0-41-g6cf4ce537d (webtiles) character file.

Game seed: 6414797032579117760, levelgen mode: deterministic

37 Alarkh the Slasher (level 3, 24/29 HPs)
             Began as a Demonspawn Fighter on Oct 21, 2019.
             Got out of the dungeon alive.
             The game lasted 00:00:57 (1039 turns).

Alarkh the Slasher (Demonspawn Fighter)             Turns: 1039, Time: 00:00:58

Health: 24/29      AC:  6    Str: 16    XL:     3   Next: 21%
Magic:  3/3        EV:  6    Int: 10    God:
Gold:   68         SH:  8    Dex: 12    Spells: 2/2 levels left

rFire    . . .     SeeInvis .   a - +0 long sword
rCold    + . .     Gourm    .   c - +0 shield
rNeg     . . .     Faith    .   b - +0 scale mail
rPois    .         Spirit   +   (no helmet)
rElec    .         Reflect  .   (no cloak)
rCorr    .         Harm     .   (no gloves)
MR       .....                  (no boots)
Stlth    ..........             (no amulet)
HPRegen  0.09/turn              (no ring)
MPRegen  0.08/turn              (no ring)

@: no status effects
A: cold resistance 1, magic shield
a: no special abilities


You escaped.
You were not hungry.

You visited 1 branch of the dungeon, and saw 2 of its levels.

You collected 68 gold pieces.

Inventory:

Hand Weapons
 a - a +0 long sword (weapon)
Armour
 b - a +0 scale mail (worn)
 c - a +0 shield (worn)
Jewellery
 g - an uncursed ring of magical power {unknown}
 k - an uncursed amulet of rage {unknown}
 n - a cursed ring of teleportation {unknown}
Scrolls
 h - a scroll of fog {unknown}
 j - 2 scrolls of teleportation {unknown}
 l - a scroll of identify {unknown}
 m - a scroll of immolation {unknown}
Potions
 d - a potion of might
 e - a potion of brilliance {unknown}
 i - a potion of haste {unknown}
Comestibles
 f - a ration
 o - 2 chunks of flesh


   Skills:
 - Level 3.0 Fighting
 + Level 3.3 Long Blades
 - Level 2.6 Armour
 - Level 2.6 Shields


You had 2 spell levels left.
You didn't know any spells.
Your spell library was empty.

Dungeon Overview and Level Annotations

Branches:
Dungeon (2/15)

Altars:


Innate Abilities, Weirdness & Mutations

Your flesh is cold resistant. (rC+)
When hurt, damage is shared between your health and your magic reserves.


Message History

You feel clever.
Your demonic ancestry asserts itself...
You feel your magical essence form a protective shroud around your flesh.
You feel sick.
You feel sick.
You feel sick.
There is an open door here.
You feel sick.
You are no longer poisoned.
There is a stone staircase leading up here.
You climb upwards.
There is a stone staircase leading down here.
Eating one of 3 chunks of flesh.
You eat one of the 3 chunks of flesh.
This raw flesh tastes terrible.
You see here a stone.
HP restored.
There is an open door here.
There is an open door here.
There is a staircase leading out of the dungeon here.
Are you sure you want to leave the Dungeon?
This will make you lose the game!
You have escaped!

## ######
.###############....#
.....##...##........####
###.....###...#####....####
..####.....####...####....#
.....###'###.........###..#
⌠......'.'......@...(..#.##
.....###'###.........###.##
..####.....####..)####....#
###....#......#####.......#
....##..#................##
...##..#.....##...###..##.#
..###.###..######## #######
.## ### #.## ###
.####.###.#######.##


There were no monsters in sight!

Vanquished Creatures
  An adder (D:2)
  A leopard gecko (D:1)
  2 bats
  2 giant cockroaches (D:1)
  4 hobgoblins (D:1)
  2 jackals (D:1)
  3 kobolds
  A frilled lizard (D:2)
  6 goblins
  A rat (D:2)
23 creatures vanquished.

Notes
Turn   | Place    | Note
-------+----------+-------------------------------------------
     0 | D:1      | Alarkh the Demonspawn Fighter began the quest for the Orb.
     0 | D:1      | Reached XP level 1. HP: 18/18 MP: 1/1
   178 | D:1      | Gained mutation: Your flesh is cold resistant. (rC+)
                  | [demonic ancestry]
   178 | D:1      | Reached XP level 2. HP: 24/24 MP: 2/2
   942 | D:2      | Gained mutation: When hurt, damage is shared between your
                  | health and your magic reserves. [demonic ancestry]
   942 | D:2      | Reached XP level 3. HP: 19/29 MP: 3/3
  1039 | D:$      | Got out of the dungeon alive.

Levels and vault maps discovered:
D:1:      elethiomel_arrival_infinity_welcomes_careful_drivers,
          layout_loops_ring, minmay_tromino_v4_c
D:2:      minmay_door_path, layout_basic, lemuel_doored_altar,
          kennysheep_slug_shrine

Skill      XL: |  1  2 |
---------------+-------+-----
Long Blades    | 2 3 |  3.3
Fighting       | |  3.0
Armour         | |  2.6
Shields        | |  2.6

Action                   || total
-------------------------++-------
Melee: Long sword        ||    93
  Eat: Chunk             ||     1
Armor: Scale mail        ||    48
Dodge: Dodged            ||    24
Block: Shield            ||    42
       Rpst.: Long sword ||     5

Table legend:
 A = Non-vault XP
 B = Vault XP
 C = Vault XP percentage of total XP
 D = Non-vault monster count
 E = Vault monster count
 F = Vault count percentage of total count
                 A         B        C        D         E       F
            +---------+---------+-------+---------+---------+-------
      Total |      50 |       3 |   5.7 |      22 |       1 |   4.3
            +---------+---------+-------+---------+---------+-------
        D:1 |      31 |       3 |   8.8 |      16 |       1 |   5.9
        D:2 |      19 |       0 |   0.0 |       6 |       0 |   0.0
            +---------+---------+-------+---------+---------+-------
